 Dungeon Crawl Stone Soup version 0.29-a0-322-g68df515428 (webtiles) character file.

Game seed: 11640394072281499711

36804 serber55 the Frost Mage (level 13, -1/109 HPs)
             Began as a Merfolk Ice Elementalist on Apr 7, 2022.
             Was an Elder of Vehumet.
             Shot with an arrow by Nessos (6 damage)
             ... on level 5 of the Lair of Beasts.
             The game lasted 01:30:28 (24527 turns).

serber55 the Frost Mage (Merfolk Ice Elementalist) Turns: 24527, Time: 01:30:29

Health: -1/109     AC: 22    Str:  9    XL:     13   Next: 92%
Magic:  18/26      EV: 19    Int: 18    God:    Vehumet [****..]
Gold:   1752       SH:  0    Dex: 21    Spells: 17/30 levels left

rFire   . . .      SeeInvis .   u - +4 quarterstaff (chaos)
rCold   . . .      Faith    .   (shield currently unavailable)
rNeg    . . .      Spirit   .   a - +0 robe
rPois   .          Reflect  .   (no helmet)
rElec   +          Harm     .   t - +1 cloak
rCorr   .          Rampage  .   r - +1 pair of gloves
Will    .....                   k - +1 pair of boots
Stlth   ++........              (no amulet)
HPRegen 0.28/turn               m - +6 ring of dexterity
MPRegen 0.20/turn               x - +4 ring of protection

@: lethally poisoned (-1 -> -42), ice-armoured (expiring), freezing walls
A: (nimble swimmer 2), mertail, electricity resistance
a: Renounce Religion


You were on level 5 of the Lair of Beasts.
You worshipped Vehumet.
Vehumet was greatly pleased with you.
You visited 3 branches of the dungeon, and saw 16 of its levels.
You also visited: Ossuary.

You collected 1752 gold pieces.

Inventory:

Hand Weapons
 o - a +1 falchion of flaming
 u - a +4 quarterstaff of chaos (weapon)
 A - a +2 trident
Missiles
 f - a throwing net
 l - 24 poisoned darts (quivered)
Armour
 a - a +0 robe (worn)
 k - a +1 pair of boots (worn)
 r - a +1 pair of gloves (worn)
 t - a +1 cloak (worn)
Jewellery
 m - a +6 ring of dexterity (left hand)
 v - a ring of see invisible
 x - a +4 ring of protection (right hand)
 F - a ring of wizardry
 N - a ring of protection from fire
 O - an amulet of faith
 P - a ring of flight
Wands
 y - a wand of flame (23)
 D - a wand of paralysis (1)
 E - a wand of mindburst (38)
 J - a wand of acid (2)
 Q - a wand of charming (3)
Scrolls
 j - 2 scrolls of summoning
 s - 2 scrolls of teleportation
 w - 4 scrolls of blinking
 G - 2 scrolls of fear
 L - a scroll of silence
 R - a scroll of magic mapping
Potions
 b - 5 potions of magic
 c - 4 potions of lignification
 d - 4 potions of attraction
 e - 3 potions of haste
 g - a potion of cancellation
 h - 9 potions of curing
 i - 3 potions of flight
 p - 4 potions of mutation
 q - 3 potions of resistance
 z - 3 potions of heal wounds
 B - a potion of invisibility
 C - 3 potions of brilliance
 I - a potion of might
 M - a potion of ambrosia


   Skills:
 * Level 12.4 Fighting
 * Level 5.9 Armour
 - Level 10.0 Dodging
 - Level 2.1 Stealth
 + Level 9.2 Spellcasting
 + Level 8.8 Conjurations
 + Level 12.6 Ice Magic


You had 17 spell levels left.
You knew the following spells:

 Your Spells              Type           Power      Damage    Failure   Level
a - Freeze                Ice            100%       1d11      1%          1
b - Frozen Ramparts       Ice            100%       1d12      1%          3
c - Ozocubu's Armour      Ice            52%        N/A       1%          3
d - Hailstorm             Conj/Ice       47%        3d11      1%          4
e - Searing Ray           Conj           80%        2d7       1%          2

Your spell library contained the following spells:

 Spells                   Type           Power      Damage    Failure   Level
 Sticky Flame             Conj/Fire      24%        2d5       4%          4
 Cause Fear               Hex            4%         N/A       65%         4
 Dragon Form              Tmut           4%         N/A       100%        7
 Dragon's Call            Summ           4%         N/A       100%        9


Dungeon Overview and Level Annotations

Branches:
Dungeon (10/15)            Temple (1/1) D:5            Lair (5/6) D:9
  Swamp (0/4) Lair:4        Snake (0/4) Lair:2      Ossuary (visited)
  Slime: Lair:5-6       Orc: D:9-12

Altars:
Ashenzari
Cheibriados
Dithmenos
Elyvilon
Fedhas
Gozag
Hepliaklqana
Kikubaaqudgha
Makhleb
Nemelex Xobeh
Okawaru
Qazlal
Ru
Sif Muna
Trog
Uskayaw
Vehumet
Wu Jian
Xom
Yredelemnul
Zin
The Shining One

Annotations:
D:10 1 runed translucent door, Rappanathuk's ghost, journeyman GrFi
Lair:5 Nessos


Innate Abilities, Weirdness & Mutations

((You are very nimble when in or above water. (Stealth+, EV+, Speed+++)))
Your lower body shifts to a powerful aquatic tail in water.
You are resistant to electric shocks. (rElec)


Message History

The arrow barely misses you.
Nessos shoots an arrow.
The arrow hits you!! The arrow burns you!
You are lethally poisoned!
The heat melts your icy armour.
You feel better.
Nessos gestures wildly while chanting.
Nessos blinks!
Nessos shoots an arrow.
The arrow hits you!
* * * LOW HITPOINT WARNING * * *
The arrow burns you.
You are poisoned.
* * * LOW HITPOINT WARNING * * *
The heat melts your icy armour.
As you read the scroll of fog, it crumbles to dust.
The scroll dissolves into smoke.
You feel very sick.
Okay, then.
You feel much better.
You feel sick.
You feel sick.
Nessos shoots an arrow.
The arrow completely misses you.
Nessos shoots an arrow.
The arrow hits you!
* * * LOW HITPOINT WARNING * * *
The arrow burns you.
You are lethally poisoned!
* * * LOW HITPOINT WARNING * * *
The heat melts your icy armour.
Casting: Ozocubu's Armour (safe; 1% risk of failure)
Confirm with . or Enter, or press ? or * to list all spells.
Casting: Hailstorm (safe; 1% risk of failure)
Press: ? - help, Dir - look around, f - activate A cannonade of hail descends around you!
The hail pelts Nessos!
Nessos is moderately wounded.
* * * LOW HITPOINT WARNING * * *
You feel extremely sick.
Nessos shoots an arrow.
The arrow hits you!
* * * LOW HITPOINT WARNING * * *
The arrow burns you.
You are more poisoned.
* * * LOW HITPOINT WARNING * * *
Nessos shoots an arrow.
The arrow hits you.
You die...

###..#...# ##.#......###
#...........# ...........###
.##.... .............##
.c..... .............§###
.....c. ..............§§#
....... ..............c§##
....... ..............§§@###♣
.......
..............§§§#..♣♣.......
.........c....§§§§...c.......
..........<.#................
...........###.#.............
....<.......###..♣...........
............# #..............
............# ##.............
..........### #P..........8..


You could see Nessos (fast).

Vanquished Creatures
  A boulder beetle (Lair:3)
  A catoblepas (Lair:4)
  2 hydras
  12 death yaks
  A tengu warrior (D:9)
  A cyclops (D:9)
  4 black mambas
  4 elephants (Lair:4)
  11 cane toads
  A kobold demonologist (D:9)
  5 komodo dragons
  2 trolls (D:9)
  3 polar bears
  A hornet (D:9)
  18 blink frogs
  Sigmund (D:6)
  5 wyverns
  31 yaks
  3 steam dragons
  A basilisk (Lair:1)
  4 vampire mosquitoes (D:9)
  An acid dragon (D:9)
  6 water moccasins
  Duvessa (D:5)
  An ice beast (D:8)
  2 sky beasts
  4 black bears
  An orc warrior (D:9)
  An ogre (D:6)
  30 wolves
  A centaur (D:9)
  A phantom (D:5)
  10 bullfrogs
  3 kobold brigands
  4 scorpions
  2 water moccasin zombies (Ossuary)
  17 wights
  Dowan (D:5)
  11 killer bees
  7 electric eels
  3 howler monkeys
  Crazy Yiuf (D:3)
  4 jellies
  3 orc priests
  A gnoll shaman (D:4)
  8 hounds
  Natasha (thrice) (D:3)
  2 iguanas
  6 orc wizards
  2 mummies (Ossuary)
  Robin (D:3)
  14 gnolls
  3 adders
  A shadow imp (D:5)
  2 ufetubi (D:4)
  2 adder zombies (Ossuary)
  2 worms
  A dart slug (D:2)
  33 orcs
  8 ball pythons
  A bat (D:3)
  6 endoplasms
  5 giant cockroaches
  2 gnoll zombies (Ossuary)
  14 goblins
  5 hobgoblins
  9 jackals
  8 kobolds
  4 quokkas
  2 frilled lizards (D:2)
  7 hobgoblin zombies (Ossuary)
  7 kobold zombies (Ossuary)
  5 orc zombies (Ossuary)
  7 rats
398 creatures vanquished.

Vanquished Creatures (collateral kills)
  Menkaure (D:5)
1 creature vanquished.

Vanquished Creatures (others)
  31 fungi
  57 plants
88 creatures vanquished.

Grand Total: 487 creatures vanquished

Notes
Turn   | Place    | Note
-------+----------+-------------------------------------------
     0 | D:1      | serber55 the Merfolk Ice Elementalist began the quest for
                  | the Orb.
     0 | D:1      | Reached XP level 1. HP: 13/13 MP: 3/3
   371 | D:1      | Reached XP level 2. HP: 19/20 MP: 0/5
   443 | D:1      | Reached skill level 1 in Fighting
   476 | D:1      | Found a faded altar of an unknown god.
   849 | D:1      | Reached XP level 3. HP: 26/26 MP: 4/6
  1299 | D:1      | Reached skill level 5 in Ice Magic
  1717 | D:2      | Learned a level 3 spell: Frozen Ramparts
  2011 | D:2      | Learned a level 3 spell: Ozocubu's Armour
  2458 | D:2      | Reached XP level 4. HP: 24/32 MP: 7/7
  2778 | D:3      | Noticed Robin
  2778 | D:3      | Found a snail-covered altar of Cheibriados.
  2828 | D:3      | Noticed Natasha
  3130 | D:3      | Reached XP level 5. HP: 18/38 MP: 1/9
  3173 | D:3      | Killed Natasha
  3556 | D:3      | Found a bloodstained altar of Trog.
  3750 | D:3      | Noticed Natasha
  3758 | D:3      | Killed Natasha
  3903 | D:3      | Found an iron altar of Okawaru.
  3907 | D:3      | Reached XP level 6. HP: 46/46 MP: 6/10
  4053 | D:3      | Killed Robin
  4126 | D:3      | Noticed Natasha
  4133 | D:3      | Killed Natasha
  4388 | D:3      | Found a runed translucent door.
  4389 | D:3      | Noticed Crazy Yiuf
  4399 | D:3      | Killed Crazy Yiuf
  4633 | D:4      | Found a broken altar of Ashenzari.
  4676 | D:4      | Reached XP level 7. HP: 48/52 MP: 2/12
  6204 | D:5      | Entered Level 5 of the Dungeon
  6205 | D:5      | Found a hide-covered altar of Uskayaw.
  6206 | D:5      | Found a shimmering blue altar of Sif Muna.
  6300 | D:5      | Noticed Menkaure
  6309 | D:5      | Killed Menkaure
  6310 | D:5      | Reached XP level 8. HP: 29/61 MP: 5/14
  6716 | D:5      | Reached skill level 5 in Dodging
  6765 | D:5      | Found an ornate altar of the Wu Jian Council.
  6901 | D:5      | Found a staircase to the Ecumenical Temple.
  6901 | D:5      | Noticed Duvessa
  6901 | D:5      | Noticed Dowan
  6907 | D:5      | Killed Dowan
  6908 | D:5      | Killed Duvessa
  6914 | Temple   | Entered the Ecumenical Temple
  7046 | Temple   | Became a worshipper of Vehumet
  7255 | D:5      | Reached skill level 5 in Fighting
  7403 | D:5      | Learned a level 4 spell: Hailstorm
  7498 | D:6      | Found a shadowy altar of Dithmenos.
  7612 | D:6      | Found a transporter.
  7645 | D:6      | Reached skill level 1 in Conjurations
  7694 | D:6      | Reached skill level 5 in Spellcasting
  7831 | D:6      | Reached XP level 9. HP: 68/68 MP: 2/16
  7939 | D:6      | Found a transporter.
  8468 | D:6      | Noticed Sigmund
  8474 | D:6      | Killed Sigmund
  9275 | D:7      | Found a sand-covered staircase.
  9281 | Ossuary  | Entered an ossuary
  9315 | Ossuary  | Reached * piety under Vehumet
  9315 | Ossuary  | Offered knowledge of Magic Dart by Vehumet.
  9717 | D:7      | Identified a scroll of acquirement
  9717 | D:7      | Acquired 1000 gold pieces
 10763 | D:7      | Offered knowledge of Searing Ray by Vehumet.
 10765 | D:7      | Reached ** piety under Vehumet
 10768 | D:7      | Reached XP level 10. HP: 77/77 MP: 3/18
 10775 | D:7      | Learned a level 2 spell: Searing Ray
 11438 | D:8      | Found a glowing silver altar of Zin.
 12191 | D:8      | Reached skill level 10 in Ice Magic
 12201 | D:8      | Reached skill level 5 in Conjurations
 13400 | D:9      | Noticed a tengu warrior
 13437 | D:9      | Noticed a cyclops
 13461 | D:9      | Killed a cyclops
 13462 | D:9      | Reached XP level 11. HP: 85/85 MP: 5/21
 13567 | D:9      | Killed a tengu warrior
 13648 | D:9      | Found a staircase to the Lair.
 13695 | D:9      | Found an ancient bone altar of Kikubaaqudgha.
 13728 | D:9      | Offered knowledge of Stone Arrow by Vehumet.
 14166 | D:9      | Gained mutation: You are resistant to electric shocks.
                  | (rElec) [potion of mutation]
 14570 | D:10     | Entered Level 10 of the Dungeon
 14600 | D:10     | Found a burning altar of Makhleb.
 14754 | D:10     | Reached *** piety under Vehumet
 15014 | D:10     | Found a white marble altar of Elyvilon.
 15118 | D:10     | Found a runed translucent door.
 15132 | D:10     | Noticed Rappanathuk's ghost (journeyman GrFi)
 15148 | D:10     | Found a basalt altar of Yredelemnul.
 15614 | Lair:1   | Entered Level 1 of the Lair of Beasts
 15789 | Lair:1   | Offered knowledge of Inner Flame by Vehumet.
 16518 | Lair:1   | Reached skill level 10 in Dodging
 16965 | Lair:2   | Identified the +1 chain mail of the Salmon {rN+ Int+4}
 17092 | Lair:2   | Reached XP level 12. HP: 87/95 MP: 23/23
 17151 | Lair:2   | Found a staircase to the Snake Pit.
 17225 | Lair:2   | Noticed a death yak
 17225 | Lair:2   | Noticed a death yak
 17225 | Lair:2   | Noticed a death yak
 17227 | Lair:2   | Noticed a death yak
 17245 | Lair:2   | Noticed a death yak
 17246 | Lair:2   | Killed a death yak
 17247 | Lair:2   | Reached skill level 1 in Armour
 17256 | Lair:2   | Killed a death yak
 17257 | Lair:2   | Killed a death yak
 17267 | Lair:2   | Killed a death yak
 17292 | Lair:2   | Killed a death yak
 18127 | Lair:3   | Reached skill level 10 in Fighting
 18761 | Lair:3   | Reached **** piety under Vehumet
 18990 | Lair:3   | Noticed a boulder beetle
 19006 | Lair:3   | Killed a boulder beetle
 19148 | Lair:3   | Noticed a four-headed hydra
 19154 | Lair:3   | Killed a four-headed hydra
 19400 | Lair:3   | Offered knowledge of Sticky Flame by Vehumet.
 19577 | Lair:3   | Reached XP level 13. HP: 77/106 MP: 11/25
 21022 | Lair:4   | Found a staircase to the Swamp.
 21818 | Lair:5   | Reached skill level 5 in Armour
 22215 | Lair:5   | Noticed Nessos
 24527 | Lair:5   | HP: 5/109 [Nessos/arrow (4)]
 24527 | Lair:5   | Shot with an arrow by Nessos

Illustrated notes

Levels and vault maps discovered:
D:1:      lemuel_arrival_hallway, layout_basic, ebering_ecumenical_altar_webs,
          hangedman_glass_teeth
D:2:      layout_loops_cross
D:3:      layout_basic, mainiacjoe_overflow_boulevard, okawaru_trees_1,
          mainiacjoe_overflow_chevrons, uniq_natasha, uniq_robin,
          uniq_crazy_yiuf_cottage
D:4:      layout_layer_cave, mainiacjoe_overflow_small_starburst
D:5:      layout_basic, chequers_temple_overflow_statue_of_worship,
          nicolae_wu_jian_wuxing_cycle, minmay_temple_entry_enclosed_plants,
          nicolae_elevator_lobby_asterisk, uniq_menkaure, uniq_duvessa
D:6:      gammafunk_steamed_eel, layout_loops_cross,
          nicolae_dithmenos_the_darkroom, uniq_sigmund
D:7:      layout_layer_cave, nicolae_ossuary_entry_plus
D:8:      layout_basic, zin_treasury
D:9:      layout_gridville, lemuel_crystal_altar, erik_lair_island,
          minmay_checkerbox
D:10:     layout_roguey, kennysheep_ying_yang, lemuel_round_altar,
          gammafunk_ghost_grave
Temple:   nicolae_temple_figure_zero
Lair:1:   layout_regular_city
Lair:2:   layout_small_grid, dummy_snake_entry, chequers_serial_rivers_room_b,
          grunt_megastairs_2
Lair:3:   layout_misc_corridors, serial_bayou_shore_a
Lair:4:   layout_cave_pods, minmay_swamp_entry_eels,
          chequers_serial_rivers_large_a
Lair:5:   layout_layer_cave, grunt_forest_large_clearings, uniq_nessos

Skill      XL: |  1  2  3  4  5  6  7  8  9 10 11 12 13 |
---------------+----------------------------------------+-----
Fighting       | 1 2 3 4 5 6 7 9 11 12 | 12.4
Ice Magic      | 5 6 7 8 9 10 11 12 | 12.6
Spellcasting   | 3 4 5 6 7 8 9 |  9.2
Dodging        | 3 4 5 7 8 10 | 10.0
Conjurations   | 1 4 6 7 8 |  8.8
Armour         | 4 5 |  5.9
Stealth        | |  2.1

Action                   |  1- 3 |  4- 6 |  7- 9 | 10-12 | 13-15 || total
-------------------------+-------+-------+-------+-------+-------++-------
Melee: Unarmed           |    15 |       |       |       |       ||    15
       Short sword       |    66 |    25 |       |       |       ||    91
       Punch             |     1 |       |       |       |       ||     1
       Falchion          |       |    17 |       |       |       ||    17
       Quarterstaff      |       |     7 |   124 |   281 |   219 ||   631
Throw: Dart              |       |     8 |    23 |    34 |     8 ||    73
 Cast: Freeze            |    24 |    19 |    32 |    13 |     1 ||    89
       Frozen Ramparts   |       |    20 |    49 |    56 |    28 ||   153
       Ozocubu's Armour  |       |     9 |    28 |    47 |    19 ||   103
       Hailstorm         |       |       |    21 |    63 |    27 ||   111
       Searing Ray       |       |       |       |    12 |     7 ||    19
Evoke: Wand              |       |       |     5 |    21 |    23 ||    49
  Use: Scroll            |       |     7 |    12 |    10 |     2 ||    31
       Potion            |       |       |     1 |     5 |     4 ||    10
 Stab: Sleeping          |     4 |     3 |     4 |     2 |     2 ||    15
       Distracted        |       |     1 |       |     1 |       ||     2
       Petrified         |       |       |       |     4 |       ||     4
       Petrifying        |       |       |       |     1 |       ||     1
       Invisible         |       |       |       |     2 |       ||     2
Armor: Robe              |    14 |    17 |    55 |   111 |   125 ||   322
       Skin              |       |       |       |       |    28 ||    28
Dodge: Dodged            |    75 |    62 |    99 |   316 |   451 ||  1003

Table legend: (Time is in decaauts)
 A = Elapsed time spent in this place.
 B = Non-inter-level travel time spent in this place.
 C = Inter-level travel time spent in this place.
 D = Time resting spent in this place.
 E = Time spent auto-exploring this place.
 F = Levels seen in this place.
 G = Mean time per level.
                   A        B        C        D        E       F      G
               +--------+--------+--------+--------+--------+-----+--------+
         Total |  24691 |  23923 |    768 |   7659 |  12334 |  17 | 1452.4 |
       Dungeon |  15131 |  14733 |    398 |   4323 |   8129 |  10 | 1513.1 |
        Temple |    200 |    191 |      9 |      0 |    182 |   1 |  200.0 |
          Lair |   9002 |   8642 |    360 |   3148 |   4022 |   5 | 1800.4 |
       Ossuary |    356 |    356 |      0 |    188 |      0 |   1 |  356.0 |
               +--------+--------+--------+--------+--------+-----+--------+

Top non-repeatable levels by time:
  Lair:4: 3145 daAuts
     D:7: 1971 daAuts
     D:1: 1861 daAuts
     D:3: 1753 daAuts
     D:9: 1717 daAuts
  Lair:3: 1711 daAuts
     D:4: 1658 daAuts
     D:6: 1561 daAuts
     D:8: 1550 daAuts
  Lair:5: 1452 daAuts
  Lair:1: 1362 daAuts
  Lair:2: 1330 daAuts
     D:5: 1072 daAuts
    D:10: 1034 daAuts
     D:2: 949 daAuts
